 Dungeon Sprint DCSS version 0.26-a0-244-g083ca260ac (webtiles) character file.

Game seed: 3553480656541332613

199880982 MordorOrchid the Englaciator (level 23, 284/284 HPs)
             Began as a Troll Ice Elementalist on July 8, 2020.
             Was the Champion of Sif Muna.
             Escaped with the Orb
             ... and 17 runes!
             The game lasted 02:52:59 (9090 turns).

MordorOrchid the Englaciator (TrIE)                 Turns: 9090, Time: 02:53:00

Health: 284/284    AC: 25    Str: 26    XL:     23   Next: 4%
Magic:  41/53      EV: 12    Int: 18    God:    Sif Muna [******]
Gold:   743        SH: 16    Dex:  6    Spells: 1/76 levels left

rFire    + . .     SeeInvis +     - Unarmed
rCold    . . .     Faith    .   q - +0 kite shield
rNeg     + . .     Spirit   .   M - +6 swamp dragon scales
rPois    +         Reflect  .   n - +0 hat {MR+}
rElec    .         Harm     .   O - +2 cloak
rCorr    .         NoTele   +   (gloves unavailable)
MR       ++...                  (boots unavailable)
Stlth    ..........             X - amulet of regeneration
HPRegen  1.37/turn              Q - ring of protection from fire
MPRegen  0.33/turn              Z - ring "Keruh" {Wiz rN+ Str+4 Dex-4 SInv}

@: no status effects
A: large, unfitting armour, claws 3, deterioration 1, fast metabolism 1,
regeneration 1, shaggy fur 1, tough skin 3
0: Orb of Zot
}: 17/17 runes: decaying, serpentine, barnacled, slimy, elven, silver, golden,
iron, obsidian, icy, bone, abyssal, glowing, magical, fiery, dark, gossamer
a: Channel Magic, Forget Spell, Divine Exegesis, Renounce Religion


You escaped.
You worshipped Sif Muna.
Sif Muna was exalted by your worship.
You were not hungry.

You visited 1 branch You collected 1982 gold pieces.
You spent 1239 gold pieces at shops.

Inventory:

Hand Weapons
 h - the +1 demon blade "Noumayps" {elec, rElec MR++ Str+7}
   (You found it in the Dungeon)

   Occasionally, upon striking a foe, it will discharge some electrical energy
   and cause terrible harm.
   It affects your strength (+7).
   It insulates you from electricity.
   It affects your resistance to hostile enchantments.
 y - a +9 quick blade
 L - a +7 vorpal scimitar
 U - the +4 staff of Dispater
   (You took it off Dispater in the Dungeon)
 V - the +7 sceptre of Asmodeus
   (You took it off Asmodeus in the Dungeon)
Missiles
 j - 35 silver javelins
 z - 54 large rocks (quivered)
 A - 2 boomerangs of dispersal
 B - 8 boomerangs
 F - 3 curare-tipped darts
 I - 10 stones
Armour
 b - a +0 troll leather armour
 l - +6 fire dragon scales
 n - a +0 hat of magic resistance (worn)
 p - a +0 tower shield of poison resistance
 q - a +0 kite shield (worn)
 M - +6 swamp dragon scales (worn)
 O - a +2 cloak (worn)
Magical Staves
 k - an uncursed staff of energy
Jewellery
 a - an uncursed amulet of the acrobat
 w - the ring "Ukoratz" {rElec Str-2 Int+3 Dex+6 Stlth+}
   (You found it in the Dungeon)

   [ring of dexterity]

   It affects your strength (-2).
   It affects your intelligence (+3).
   It affects your dexterity (+6).
   It insulates you from electricity.
   It makes you more stealthy.
 x - a +3 ring of slaying
 N - the amulet of Viqof {rPois rF- rC+++ Regen+ Dex+2}
   (You found it in the Dungeon)

   [amulet of regeneration]

   It affects your dexterity (+2).
   It makes you vulnerable to fire.
   It renders you almost immune to cold.
   It protects you from poison.
   It increases your rate of regeneration.
 P - an uncursed ring of protection from cold
 Q - a ring of protection from fire (left claw)
 R - an uncursed ring of protection from fire
 S - an uncursed ring of protection from magic
 X - an amulet of regeneration (around neck)
 Y - a +6 ring of strength
 Z - the ring "Keruh" (right claw) {Wiz rN+ Str+4 Dex-4 SInv}
   (You found it in the Dungeon)

   [ring of wizardry]

   It improves your spell success rate.
   It affects your strength (+4).
   It affects your dexterity (-4).
   It protects you from negative energy.
   It lets you see invisible.
Wands
 o - a wand of iceblast (7)
Scrolls
 f - 7 scrolls of remove curse
 r - 9 scrolls of fear
 K - a scroll of identify
 W - 2 scrolls of fog
Potions
 d - 10 potions of curing
 e - 12 potions of heal wounds
 g - 8 potions of magic
 s - 2 potions of lignification
 t - 8 potions of haste
 u - 4 potions of berserk rage
 v - 4 potions of mutation
 D - 2 potions of might
 E - a potion of ambrosia
 G - a potion of brilliance
 H - a potion of resistance
 J - 5 potions of stabbing
 T - a potion of cancellation
Miscellaneous
 i - the horn of Geryon
 m - a box of beasts
 C - a phantom mirror
Comestibles
 c - 5 rations


   Skills:
 O Level 27 Fighting
 - Level 12.1 Throwing
 - Level 15.0 Armour
 - Level 12.0 Dodging
 - Level 1.0 Stealth
 * Level 23.6 Shields
 - Level 15.0 Unarmed Combat
 O Level 27 Spellcasting
 - Level 12.0 Conjurations
   Level 2.0 Charms
 - Level 4.0 Summonings
 - Level 19.3 Necromancy
 - Level 6.0 Translocations
 - Level 20.0 Transmutations
 O Level 27 Ice Magic
 - Level 6.0 Air Magic
 O Level 27 Earth Magic
 - Level 10.0 Invocations
 - Level 5.0 Evocations


You had one spell level left.
You knew the following spells:

 Your Spells              Type           Power        Failure   Level
a - Freeze                Ice            ####         0%          1
b - Frozen Ramparts       Ice            ######       0%          3
d - Petrify               Tmut/Erth      #######.     0%          4
g - Mephitic Cloud        Conj/Pois/Air  #####...     1%          3
n - Necromutation         Tmut/Necr      #######...   1%          8
o - Ozocubu's Refrigerat  Ice            #######...   0%          6
r - Hailstorm             Conj/Ice       #######.     0%          4
s - Summon Ice Beast      Ice/Summ       ######..     1%          4
u - Animate Skeleton      Necr           N/A          0%          1
x - Blink                 Tloc           N/A          1%          2
z - Apportation           Tloc           #####.       1%          1
B - Airstrike             Air            #####.....   1%          4
E - Borgnjor's Vile Clut  Necr/Erth      #######...   0%          5
L - Absolute Zero         Ice            #######...   1%          9
O - Shatter               Erth           #######...   1%          9
R - Irradiate             Conj/Tmut      ######....   1%          5
Y - Statue Form           Tmut/Erth      #######..    0%          6

Your spell library contained the following spells:

 Spells                   Type           Power        Failure   Level
 Beastly Appendage        Tmut           ######       0%          1
 Magic Dart               Conj           ####         0%          1
 Pain                     Necr           ####         0%          1
 Sandblast                Erth           ######       0%          1
 Corona                   Hex            ###....      1%          1
 Foxfire                  Conj/Fire      ####         1%          1
 Infusion                 Chrm           ####         1%          1
 Shock                    Conj/Air       ####         1%          1
 Sting                    Tmut/Pois      ####         1%          1
 Summon Butterflies       Summ           #####...     1%          1
 Summon Small Mammal      Summ           ####         1%          1
 Corpse Rot               Necr/Air       N/A          0%          2
 Ensorcelled Hibernation  Hex/Ice        ######       0%          2
 Passwall                 Tmut/Erth      #######.     0%          2
 Searing Ray              Conj           ######       0%          2
 Sticks to Snakes         Tmut           #######.     0%          2
 Sublimation of Blood     Necr           #######...   0%          2
 Ozocubu's Armour         Chrm/Ice       ######..     0%          3
 Stone Arrow              Conj/Erth      ######       0%          3
 Vampiric Draining        Necr           #######...   0%          3
 Animate Dead             Necr           N/A          0%          4
 Dispel Undead            Necr           #######.     0%          4
 Ice Form                 Ice/Tmut       #######.     0%          4
 Agony                    Necr           #######.     0%          5
 Blade Hands              Tmut           #######...   0%          5
 Lee's Rapid Deconstruct  Erth           #######...   0%          5
 Simulacrum               Ice/Necr       #######...   0%          6
 Call Imp                 Summ           #####...     1%          2
 Poisonous Vapours        Pois/Air       #####.       1%          2
 Shroud of Golubria       Chrm/Tloc      #####.       1%          2
 Slow                     Hex            ###.....     1%          2
 Song of Slaying          Chrm           ####....     1%          2
 Swiftness                Chrm/Air       #####...     1%          2
 Call Canine Familiar     Summ           #####...     1%          3
 Conjure Flame            Conj/Fire      #####...     1%          3
 Dazzling Flash           Conj/Hex       #####.       1%          3
 Gell's Gravitas          Tloc           #####.....   1%          3
 Ignite Poison            Fire/Tmut/Pois #####...     1%          3
 Lesser Beckoning         Tloc           #####.....   1%          3
 Portal Projectile        Hex/Tloc       #####.       1%          3
 Recall                   Summ/Tloc      N/A          1%          3
 Spectral Weapon          Hex/Chrm       ####....     1%          3
 Spider Form              Tmut/Pois      ######....   1%          3
 Static Discharge         Conj/Air       ######..     1%          3
 Summon Guardian Golem    Hex/Summ       ####....     1%          3
 Teleport Other           Tloc           #####...     1%          3
 Fulminant Prism          Conj/Hex       #####.....   1%          4
 Iskenderun's Mystic Bla  Conj/Tloc      ######..     1%          4
 Leda's Liquefaction      Hex/Erth       ######....   1%          4
 Sticky Flame             Conj/Fire      #####...     1%          4
 Summon Lightning Spire   Summ/Air       #####...     1%          4
 Alistair's Intoxication  Tmut/Pois      ######..     1%          5
 Bolt of Magma            Conj/Fire/Erth ######....   1%          5
 Excruciating Wounds      Chrm/Necr      ######....   1%          5
 Fireball                 Conj/Fire      #####.....   1%          5
 Iskenderun's Battlesphe  Conj/Chrm      #####...     1%          5
 Lightning Bolt           Conj/Air       ######....   1%          5
 Metabolic Englaciation   Hex/Ice        ######....   1%          5
 Yara's Violent Unravell  Hex/Tmut       ######....   1%          5
 Death Channel            Necr           #######...   1%          6
 Eringya's Noxious Bog    Tmut/Pois      ######....   1%          6
 Freezing Cloud           Conj/Ice/Air   ######....   1%          6
 Hydra Form               Tmut           #######...   1%          6
 Iron Shot                Conj/Erth      #######...   1%          6
 Dragon Form              Tmut           #######...   1%          7
 Borgnjor's Revivificati  Necr           #######...   1%          8
 Infestation              Necr           #######...   1%          8
 Lehudib's Crystal Spear  Conj/Erth      #######...   1%          8
 Confusing Touch          Hex            ###.....     2%          3
 Inner Flame              Hex/Fire       ###.....     2%          3
 Tukima's Dance           Hex            ###.....     2%          3
 Summon Forest            Summ/Tloc      #####.....   2%          5
 Conjure Ball Lightning   Conj/Air       ######....   2%          6
 Aura of Abjuration       Summ           #####.....   4%          5
 Summon Demon             Summ           #####.....   4%          5
 Orb of Destruction       Conj           ######....   4%          7
 Haunt                    Necr/Summ      ######....   5%          7
 Silence                  Hex/Air        #####.....   6%          5
 Cause Fear               Hex            ###.......   8%          4
 Olgreb's Toxic Radiance  Pois           ###.....     8%          4
 Summon Mana Viper        Hex/Summ       ####....     9%          5
 Dispersal                Tloc           #####.....   10%         6
 Starburst                Conj/Fire      #####.....   10%         6
 Shadow Creatures         Summ           N/A          21%         6
 Spellforged Servitor     Conj/Summ      ######....   22%         7
 Death's Door             Chrm/Necr      ######....   50%         8
 Malign Gateway           Summ/Tloc      #####.....   58%         7
 Darkness                 Hex            ###.......   69%         6
 Invisibility             Hex            ###.....     69%         6
 Monstrous Menagerie      Summ           #####.....   71%         7
 Summon Greater Demon     Summ           #####.....   71%         7
 Summon Hydra             Summ           #####.....   71%         7
 Chain Lightning          Conj/Air       ######....   71%         8
 Ring of Flames           Chrm/Fire      ####......   98%         7
 Controlled Blink         Tloc           N/A          98%         8
 Disjunction              Tloc           #####.....   98%         8
 Discord                  Hex            ###.......   100%        8
 Ignition                 Fire           ###.......   100%        8
 Summon Horrible Things   Summ           #####.....   100%        8
 Dragon's Call            Summ           #####.....   100%        9
 Fire Storm               Conj/Fire      #####.....   100%        9
 Tornado                  Air            #####.....   100%        9
 Passage of Golubria      Tloc           Unusable     N/A         4

Dungeon Overview and Level Annotations

Branches:
Dungeon (1/1)

Altars:
Cheibriados
Dithmenos
Elyvilon
Fedhas
Gozag
Hepliaklqana
Kikubaaqudgha
Makhleb
Nemelex Xobeh
Okawaru
Qazlal
Ru
Sif Muna
Trog
Uskayaw
Vehumet
Wu Jian
Xom
Yredelemnul
Zin
The Shining One
Beogh
Jiyva
Lugonu

Shops:
D [*(


Innate Abilities, Weirdness & Mutations

You are too large for most types of armour.
You have claws for hands.
You have a fast metabolism.
Your natural rate of healing is unusually fast.
You are covered in fur. (AC +1)
You have extremely tough skin. (AC +3)
Your body sometimes deteriorates upon taking damage.


Message History

There is a blossoming altar of Fedhas here.
There is a white marble altar of Elyvilon here.
There is a shadowy altar of Dithmenos here.
You feel yourself come back to life.
There is a snail-covered altar of Cheibriados here.
There is a roughly hewn altar of Beogh here.
There is an open door to the Temple here.
You close the door.
Casting: Blink (safe; 1% risk of failure)
Confirm with . or Enter, or press ? or * to list all spells.
You blink.
You close the door.
Casting: Blink (safe; 1% risk of failure)
Confirm with . or Enter, or press ? or * to list all spells.
You blink.
You see here a +0 whip.
There is an open door to the Dungeon here.
You see here a +0 dagger.
There is a staircase leading out of the dungeon here.
You have escaped!

▓.▓.▓.▓.▓[▓.▓.▓.▓.
▓)▓.▓+▓.▓.▓.▓.▓.▓.
▓.▓.▓.▓.▓.▓.▓.▓.▓.
▓)▓§▓.▓.▓.▓.▓)▓.▓.
▓'▓.▓.▓.▓.▓.▓.▓.▓.
▓)▓.▓.▓.▓.▓.▓.▓.▓.
▓.▓§▓.▓.▓.▓.▓.▓.▓.
▓.▓.▓.▓.▓.▓°▓.▓.▓.
▓@▓...▓...▓...▓...
▓▓▓▓▓▓▓▓▓▓▓▓▓▓▓▓▓▓


There were no monsters in sight!

Vanquished Creatures
  Cerebov (D)
  Antaeus (D)
  Asmodeus (D)
  the Royal Jelly (D)
  Gloorx Vloq (D)
  Ereshkigal (D)
  Lom Lobon (D)
  Dispater (D)
  Mnoleg (D)
  5 ancient liches (D)
  3 orbs of fire (D)
  5 greater mummies (D)
  Frederick (D)
  Sojobo (D)
  Boris (twice) (D)
  A Killer Klown (D)
  Margery (D)
  Geryon (D)
  Nikola (D)
  A profane servitor (D)
  6 golden dragons (D)
  2 pandemonium lords (D)
  6 electric golems (D)
  A Tzitzimitl (D)
  3 Ice Fiends (D)
  3 tentacled monstrosities (D)
  6 liches (D)
  32 Orb Guardians (D)
  3 deep elf blademasters (D)
  2 tentacled starspawn (D)
  3 deep elf master archers (D)
  3 death cobs (D)
  10 acid blobs (D)
  12 sphinxes (D)
  Ilsuiw (D)
  3 tengu reavers (D)
  8 shadow dragons (D)
  2 storm dragons (D)
  A draconian monk (D)
  9 nagarajas (D)
  A draconian knight (D)
  7 azure jellies (D)
  2 ghost moths (D)
  3 fire giants (D)
  A cacodemon (D)
  A draconian scorcher (D)
  Louise (D)
  4 vault wardens (D)
  2 draconian stormcallers (D)
  4 emperor scorpions (D)
  A draconian shifter (D)
  11 stone giants (D)
  A draconian annihilator (D)
  A very ugly thing (D)
  4 vampire knights (D)
  3 purple draconians (D)
  4 black draconians (D)
  A green draconian (D)
  A dire elephant (D)
  4 red draconians (D)
  3 white draconians (D)
  2 yellow draconians (D)
  A spark wasp (D)
  2 green deaths (D)
  A blizzard demon (D)
  3 deep elf death magi (D)
  2 merfolk javelineers (D)
  7 merfolk impalers (D)
  6 mummy priests (D)
  3 death oozes (D)
  4 ettins (D)
  2 great orbs of eyes (D)
  5 deep elf high priests (D)
  5 fire dragons (D)
  4 yaktaur captains (D)
  23 vault guards (D)
  A naga warrior (D)
  5 ice dragons (D)
  A shambling mangrove (D)
  An anaconda (shapeshifter) (D)
  7 hydras (D)
  2 centaur warriors (D)
  2 merfolk aquamancers (D)
  A hell beast (D)
  A death knight (D)
  3 alligators (D)
  A two-headed ogre (D)
  A deep troll earth mage (D)
  An orc high priest (D)
  5 ogre magi (D)
  2 sun demons (D)
  A salamander mystic (D)
  A soul eater (D)
  4 hell knights (D)
  Nergalle (D)
  A sixfirhy (D)
  A skeletal warrior (D)
  A sea snake (D)
  A flayed ghost (D)
  A spriggan druid (D)
  5 swamp dragons (D)
  An unseen horror (D)
  A shadow demon (D)
  2 glowing orange brains (D)
  2 ironbrand convokers (D)
  4 necromancers (D)
  9 orc knights (D)
  4 wolf spiders (D)
  A manticore (D)
  A cyclops (D)
  A faun (shapeshifter) (D)
  3 orc sorcerers (D)
  6 elephants (D)
  A merfolk siren (D)
  A worldbinder (D)
  A rust devil (D)
  12 moths of wrath (D)
  2 guardian serpents (D)
  2 black mambas (D)
  A water nymph (D)
  A vault sentinel (D)
  Psyche (D)
  3 naga magi (D)
  2 orange demons (D)
  2 cane toads (D)
  A smoke demon (D)
  A gargoyle (D)
  A hellion (D)
  A nameless horror (D)
  A komodo dragon (D)
  2 freezing wraiths (D)
  17 guardian mummies (D)
  2 yaktaurs (D)
  A tormentor (D)
  5 demonic crawlers (D)
  A hellwing (D)
  2 trolls (D)
  A wandering mushroom (D)
  A jumping spider (D)
  A wind drake (D)
  3 merfolk (D)
  3 hippogriffs (D)
  A slime creature (D)
  A blink frog (D)
  A bog body (D)
  A snapping turtle (D)
  A tarantella (D)
  A flying skull (D)
  2 large abominations (D)
  A redback (D)
  3 yaks (D)
  A small abomination (D)
  Eustachio (D)
  3 golden eyes (D)
  2 neqoxecs (D)
  11 spriggans (D)
  A vampire mosquito (D)
  A basilisk (D)
  A chaos spawn (D)
  A naga (D)
  3 hell hounds (D)
  4 water moccasins (D)
  A swamp drake (D)
  A porcupine (shapeshifter) (D)
  12 orc warriors (D)
  A phantom (D)
  A crocodile (D)
  2 centaurs (D)
  2 bullfrogs (D)
  A scorpion (D)
  3 orc priests (D)
  4 orc wizards (D)
  2 worker ants (D)
  A gnoll (D)
  A white imp (D)
  3 dart slugs (D)
  15 orcs (D)
  2 quokkas (D)
  2 kobolds (D)
  A leopard gecko zombie (D)
  32 blocks of ice (D)
  3 crawling corpses (D)
  A starspawn tentacle (D)
568 creatures vanquished.

Vanquished Creatures (collateral kills)
  A death cob (D)
  A nagaraja (D)
  An emperor scorpion (D)
  An ettin (D)
  A merfolk impaler (D)
  A great orb of eyes (D)
  2 vault guards (D)
  An ice dragon (D)
  A hydra (D)
  An anaconda (D)
  Sonja (D)
  A swamp dragon (D)
  A wolf spider (D)
  An elephant (D)
  Joseph (D)
  A torpor snail (shapeshifter) (D)
  A freezing wraith (D)
  2 hippogriffs (D)
  A blink frog (D)
  2 redbacks (D)
  A naga (D)
  A porcupine (D)
  A block of ice (D)
26 creatures vanquished.

Vanquished Creatures (others)
  32 blocks of ice (D)
32 creatures vanquished.

Grand Total: 626 creatures vanquished

Notes
Turn   | Place    | Note
-------+----------+-------------------------------------------
     0 | D        | MordorOrchid the Troll Ice Elementalist began the quest for
                  | the Orb.
     0 | D        | Reached XP level 1. HP: 16/16 MP: 1/1
     8 | D        | Reached skill level 1 in Fighting
    22 | D        | Reached XP level 2. HP: 26/29 MP: 2/2
    31 | D        | Noticed a phantom
    37 | D        | Reached XP level 3. HP: 36/36 MP: 2/4
    50 | D        | Learned a level 3 spell: Frozen Ramparts
   159 | D        | Killed a phantom
   159 | D        | Reached skill level 5 in Ice Magic
   159 | D        | Reached XP level 4. HP: 28/45 MP: 0/7
   164 | D        | Learned a level 3 spell: Ozocubu's Armour
   176 | D        | Found a roughly hewn altar of Beogh.
   176 | D        | Found a snail-covered altar of Cheibriados.
   176 | D        | Found a shadowy altar of Dithmenos.
   176 | D        | Found a white marble altar of Elyvilon.
   176 | D        | Found a blossoming altar of Fedhas.
   176 | D        | Found an opulent altar of Gozag.
   177 | D        | Found a hazy altar of Hepliaklqana.
   178 | D        | Found a viscous altar of Jiyva.
   179 | D        | Found an ancient bone altar of Kikubaaqudgha.
   180 | D        | Found a corrupted altar of Lugonu.
   181 | D        | Found a burning altar of Makhleb.
   182 | D        | Found a sparkling altar of Nemelex Xobeh.
   183 | D        | Found an iron altar of Okawaru.
   184 | D        | Found a stormy altar of Qazlal.
   185 | D        | Found a sacrificial altar of Ru.
   186 | D        | Found a shimmering blue altar of Sif Muna.
   187 | D        | Found a bloodstained altar of Trog.
   188 | D        | Found a hide-covered altar of Uskayaw.
   189 | D        | Found a radiant altar of Vehumet.
   190 | D        | Found an ornate altar of the Wu Jian Council.
   191 | D        | Found a shimmering altar of Xom.
   192 | D        | Found a basalt altar of Yredelemnul.
   193 | D        | Found a glowing silver altar of Zin.
   194 | D        | Found a glowing golden altar of the Shining One.
   200 | D        | Became a worshipper of Sif Muna the Loreminder
   238 | D        | Noticed a yak
   238 | D        | Noticed a yak
   242 | D        | Reached skill level 1 in Charms
   242 | D        | Reached skill level 1 in Evocations
   242 | D        | Reached XP level 5. HP: 53/53 MP: 4/8
   250 | D        | Reached * piety under Sif Muna
   252 | D        | Killed a yak
   252 | D        | Reached skill level 5 in Dodging
   252 | D        | Reached XP level 6. HP: 61/61 MP: 2/11
   261 | D        | Killed a yak
   264 | D        | Reached ** piety under Sif Muna
   264 | D        | Reached XP level 7. HP: 61/67 MP: 1/12
   267 | D        | Noticed a troll
   267 | D        | Noticed a yak
   267 | D        | Noticed a two-headed ogre
   278 | D        | Killed a two-headed ogre
   278 | D        | Reached skill level 5 in Spellcasting
   278 | D        | Reached XP level 8. HP: 75/75 MP: 10/15
   286 | D        | Reached *** piety under Sif Muna
   294 | D        | Killed a troll
   314 | D        | Learned a level 4 spell: Summon Ice Beast
   319 | D        | Learned a level 4 spell: Hailstorm
   431 | D        | Learned a level 1 spell: Animate Skeleton
   432 | D        | Got the ring "Ukoratz" {rElec Str-2 Int+3 Dex+6 Stlth+}
   448 | D        | Noticed a nameless horror
   590 | D        | Killed a nameless horror
   607 | D        | Noticed a komodo dragon
   607 | D        | Noticed a hippogriff
   607 | D        | Noticed a four-headed hydra
   607 | D        | Noticed a cane toad
   624 | D        | Killed a cane toad
   624 | D        | Reached **** piety under Sif Muna
   624 | D        | Reached skill level 1 in Summonings
   624 | D        | Reached skill level 1 in Necromancy
   624 | D        | Reached skill level 1 in Invocations
   624 | D        | Reached skill level 5 in Evocations
   626 | D        | Reached XP level 9. HP: 17/83 MP: 3/18
   627 | D        | Killed a four-headed hydra
   627 | D        | Reached skill level 10 in Ice Magic
   628 | D        | Reached ***** piety under Sif Muna
   632 | D        | Killed a komodo dragon
   632 | D        | Identified Wuanemuich's Collected Works on the Aerial
                  | Traveller (Sif Muna gifted it to you in the Dungeon)
   632 | D        | Received a gift from Sif Muna
   642 | D        | Learned a level 2 spell: Blink
   645 | D        | Learned a level 2 spell: Poisonous Vapours
   762 | D        | Noticed a seven-headed hydra
   775 | D        | Killed a seven-headed hydra
   775 | D        | Reached skill level 1 in Conjurations
   775 | D        | Reached skill level 1 in Translocations
   775 | D        | Reached skill level 1 in Air Magic
   775 | D        | Reached XP level 10. HP: 94/94 MP: 4/21
   918 | D        | Received a gift from Sif Muna
   928 | D        | Reached skill level 5 in Fighting
  1015 | D        | Noticed an elephant
  1015 | D        | Noticed an elephant
  1015 | D        | Noticed a dire elephant
  1015 | D        | Noticed an elephant
  1015 | D        | Noticed an elephant
  1015 | D        | Noticed an elephant
  1024 | D        | Killed an elephant
  1044 | D        | Killed an elephant
  1058 | D        | Killed a dire elephant
  1058 | D        | Reached skill level 5 in Invocations
  1060 | D        | Killed an elephant
  1061 | D        | Killed an elephant
  1061 | D        | Received a gift from Sif Muna
  1064 | D        | Killed an elephant
  1082 | D        | Noticed an elephant
  1082 | D        | Noticed an elephant
  1094 | D        | Killed an elephant
  1094 | D        | Reached skill level 10 in Spellcasting
  1094 | D        | Reached XP level 11. HP: 80/102 MP: 5/24
  1156 | D        | Noticed Sonja
  1167 | D        | Killed Sonja
  1167 | D        | Reached skill level 1 in Armour
  1253 | D        | Noticed an orc knight
  1259 | D        | Killed an orc knight
  1267 | D        | Identified Sif Muna's Almanac of Hurtful Transformation
                  | (Sif Muna gifted it to you in the Dungeon)
  1267 | D        | Received a gift from Sif Muna
  1390 | D        | Received a gift from Sif Muna
  1408 | D        | Reached ****** piety under Sif Muna
  1413 | D        | Noticed an orc knight
  1432 | D        | Killed an orc knight
  1438 | D        | Identified Sif Muna's Catalogue of Creation (Sif Muna
                  | gifted it to you in the Dungeon)
  1438 | D        | Received a gift from Sif Muna
  1569 | D        | Learned a level 6 spell: Freezing Cloud
  1570 | D        | Found Liazam's Weapon Boutique.
  1570 | D        | Noticed an orc sorcerer
  1570 | D        | Noticed an orc knight
  1570 | D        | Noticed an orc sorcerer
  1576 | D        | Killed an orc sorcerer
  1585 | D        | Noticed a sun demon
  1589 | D        | Killed an orc knight
  1589 | D        | Reached skill level 5 in Conjurations
  1590 | D        | Killed an orc sorcerer
  1602 | D        | Noticed an orc sorcerer
  1610 | D        | Killed an orc sorcerer
  1638 | D        | Found Kyisi's Assorted Antiques.
  1642 | D        | Found Alolydor's Armour Boutique.
  1646 | D        | Found Myqel's Distillery.
  1648 | D        | Noticed an orc high priest
  1653 | D        | Noticed an orc knight
  1654 | D        | Identified Puisef's Catalogue of Entrancing Conjuration
                  | (Sif Muna gifted it to you in the Dungeon)
  1654 | D        | Received a gift from Sif Muna
  1662 | D        | Killed an orc high priest
  1662 | D        | Reached skill level 10 in Dodging
  1682 | D        | Killed an orc knight
  1703 | D        | Bought a potion of might for 52 gold pieces
  1719 | D        | Bought a bubbling red potion for 21 gold pieces
  1719 | D        | Bought a scroll labeled BET RUCRARITO for 24 gold pieces
  1719 | D        | Bought a scroll labeled ULYOZO GATZIYN for 24 gold pieces
  1719 | D        | Bought a grey potion for 21 gold pieces
  1722 | D        | Bought a +0 hat of magic resistance for 132 gold pieces
  1730 | D        | Bought a potion of invisibility for 104 gold pieces
  1730 | D        | Bought a potion of stabbing for 52 gold pieces
  1730 | D        | Bought a potion of haste for 130 gold pieces
  1730 | D        | Bought a potion of curing for 39 gold pieces
  1730 | D        | Bought 2 potions of stabbing for 104 gold pieces
  1730 | D        | Bought 2 potions of curing for 78 gold pieces
  1734 | D        | Bought a scroll of identify for 48 gold pieces
  1734 | D        | Bought a runed mace for 144 gold pieces
  1736 | D        | Bought 17 stones for 23 gold pieces
  1736 | D        | Bought a +2 shortbow of flaming for 243 gold pieces
  1799 | D        | Noticed Psyche
  1810 | D        | Killed Psyche
  1826 | D        | Noticed Joseph
  1835 | D        | Killed Joseph
  1963 | D        | Noticed a wolf spider
  1963 | D        | Noticed a death knight
  1968 | D        | Killed a wolf spider
  1968 | D        | Received a gift from Sif Muna
  1979 | D        | Killed a death knight
  1979 | D        | Reached skill level 1 in Unarmed Combat
  1980 | D        | Noticed a centaur warrior
  1981 | D        | Reached XP level 12. HP: 115/115 MP: 14/25
  1993 | D        | Killed a centaur warrior
  2120 | D        | Noticed a stone giant
  2151 | D        | Killed a stone giant
  2151 | D        | Identified Sif Muna's Volume of Conjuration (Sif Muna
                  | gifted it to you in the Dungeon)
  2151 | D        | Received a gift from Sif Muna
  2151 | D        | Reached skill level 5 in Air Magic
  2171 | D        | Learned a level 6 spell: Ozocubu's Refrigeration
  2209 | D        | Noticed a stone giant
  2228 | D        | Noticed a fire dragon
  2229 | D        | Noticed an ice dragon
  2232 | D        | Noticed an ettin
  2233 | D        | Killed a stone giant
  2233 | D        | Reached skill level 1 in Throwing
  2275 | D        | Learned a level 3 spell: Stone Arrow
  2297 | D        | Killed a fire dragon
  2297 | D        | Reached skill level 5 in Armour
  2304 | D        | Killed an ettin
  2310 | D        | Killed an ice dragon
  2420 | D        | Noticed Nergalle
  2453 | D        | Killed Nergalle
  2558 | D        | Learned a level 4 spell: Ice Form
  2563 | D        | Noticed an alligator
  2563 | D        | Noticed a shambling mangrove
  2568 | D        | Noticed an alligator
  2571 | D        | Killed a shambling mangrove
  2571 | D        | Received a gift from Sif Muna
  2582 | D        | Killed an alligator
  2584 | D        | Killed an alligator
  2670 | D        | Identified Fengar's Handbook of Feathery Bewitchment (Sif
                  | Muna gifted it to you in the Dungeon)
  2670 | D        | Received a gift from Sif Muna
  2670 | D        | Reached skill level 5 in Unarmed Combat
  2766 | D        | Noticed a merfolk impaler
  2772 | D        | Reached XP level 13. HP: 97/127 MP: 27/27
  2780 | D        | Killed a merfolk impaler
  2780 | D        | Received a gift from Sif Muna
  2845 | D        | Reached skill level 5 in Throwing
  2930 | D        | Noticed a nagaraja
  2930 | D        | Noticed a nagaraja
  2933 | D        | Identified Sif Muna's Compendium of Calling (Sif Muna
                  | gifted it to you in the Dungeon)
  2933 | D        | Received a gift from Sif Muna
  2941 | D        | Killed a nagaraja
  2955 | D        | Killed a nagaraja
  3013 | D        | Identified Sif Muna's Grimoire of Fiery Stones (Sif Muna
                  | gifted it to you in the Dungeon)
  3013 | D        | Received a gift from Sif Muna
  3028 | D        | Learned a level 4 spell: Petrify
  3116 | D        | Noticed Eustachio
  3121 | D        | Killed Eustachio
  3212 | D        | Noticed a fire giant
  3212 | D        | Noticed a stone giant
  3217 | D        | Noticed a fire dragon
  3217 | D        | a great orb of eyes changed into a fire dragon
  3219 | D        | a fire dragon changed into a slime creature
  3220 | D        | Killed a stone giant
  3220 | D        | Reached skill level 1 in Earth Magic
  3309 | D        | Killed a fire giant
  3321 | D        | Noticed a stone giant
  3398 | D        | Killed a stone giant
  3398 | D        | Identified Sif Muna's Reference Book on Hurtful Execration
                  | (Sif Muna gifted it to you in the Dungeon)
  3398 | D        | Received a gift from Sif Muna
  3498 | D        | Noticed a purple very ugly thing
  3517 | D        | Killed a purple very ugly thing
  3544 | D        | Noticed a stone giant
  3573 | D        | Killed a stone giant
  3589 | D        | Noticed an ettin
  3590 | D        | Noticed an ettin
  3595 | D        | Reached skill level 15 in Ice Magic
  3596 | D        | Identified Sif Muna's Almanac of Good Luck and the Glacier
                  | (Sif Muna gifted it to you in the Dungeon)
  3596 | D        | Received a gift from Sif Muna
  3611 | D        | Killed an ettin
  3616 | D        | Killed an ettin
  3616 | D        | Reached XP level 14. HP: 136/136 MP: 21/30
  3644 | D        | Noticed a stone giant
  3669 | D        | Killed a stone giant
  3705 | D        | Identified Sif Muna's Grimoire of Doomed Conjuration (Sif
                  | Muna gifted it to you in the Dungeon)
  3705 | D        | Received a gift from Sif Muna
  3712 | D        | Reached skill level 5 in Earth Magic
  3738 | D        | Identified Sif Muna's Volume of Earthen Poison (Sif Muna
                  | gifted it to you in the Dungeon)
  3738 | D        | Received a gift from Sif Muna
  3775 | D        | Reached skill level 5 in Translocations
  3823 | D        | Noticed a fire giant
  3824 | D        | Noticed a tengu reaver
  3833 | D        | Killed a fire giant
  3841 | D        | HP: 6/136 [cloud of freezing vapour (25)]
  3844 | D        | Killed a tengu reaver
  3845 | D        | Noticed a vault warden
  3899 | D        | Noticed a vault warden
  3906 | D        | Killed a vault warden
  3909 | D        | Killed a vault warden
  3940 | D        | Reached skill level 10 in Conjurations
  3944 | D        | Noticed a stone giant
  3947 | D        | Identified Sif Muna's Grimoire of Cold and Translocation
                  | (Sif Muna gifted it to you in the Dungeon)
  3947 | D        | Received a gift from Sif Muna
  3951 | D        | Killed a stone giant
  3999 | D        | Learned a level 3 spell: Mephitic Cloud
  4107 | D        | Got the +1 demon blade "Noumayps" {elec, rElec MR++ Str+7}
  4210 | D        | Got the +1 robe of Submission {rF+}
  4268 | D        | Noticed Frederick
  4270 | D        | Killed Frederick
  4270 | D        | Reached skill level 1 in Shields
  4270 | D        | Reached skill level 1 in Transmutations
  4333 | D        | Reached skill level 15 in Spellcasting
  4343 | D        | Noticed Margery
  4359 | D        | Killed Margery
  4359 | D        | Received a gift from Sif Muna
  4403 | D        | Learned a level 5 spell: Borgnjor's Vile Clutch
  4455 | D        | Reached XP level 15. HP: 143/143 MP: 27/33
  4463 | D        | Identified Vuwnater's Tome of Flying Attacks (Sif Muna
                  | gifted it to you in the Dungeon)
  4463 | D        | Received a gift from Sif Muna
  4502 | D        | Reached skill level 5 in Shields
  4521 | D        | Got a decaying rune of Zot
  4553 | D        | Noticed Ilsuiw
  4554 | D        | Identified Sif Muna's Volume of Hurtful Malediction (Sif
                  | Muna gifted it to you in the Dungeon)
  4554 | D        | Received a gift from Sif Muna
  4566 | D        | Killed Ilsuiw
  4566 | D        | Reached skill level 5 in Transmutations
  4574 | D        | Identified Sif Muna's Compendium of Shape Shifting (Sif
                  | Muna gifted it to you in the Dungeon)
  4574 | D        | Received a gift from Sif Muna
  4661 | D        | Got a barnacled rune of Zot
  4740 | D        | Identified Kuhaduon's Compendium of Bewitchment (Sif Muna
                  | gifted it to you in the Dungeon)
  4740 | D        | Received a gift from Sif Muna
  4749 | D        | Reached skill level 5 in Necromancy
  4771 | D        | Killed a ghost moth
  4771 | D        | Received a gift from Sif Muna
  4780 | D        | Killed a ghost moth
  4791 | D        | Got a gossamer rune of Zot
  4834 | D        | Noticed a nagaraja
  4834 | D        | Noticed a nagaraja
  4834 | D        | Noticed a nagaraja
  4834 | D        | Noticed a nagaraja
  4834 | D        | Noticed a nagaraja
  4839 | D        | Killed a nagaraja
  4840 | D        | Killed a nagaraja
  4840 | D        | Killed a nagaraja
  4841 | D        | Killed a nagaraja
  4841 | D        | Reached skill level 10 in Earth Magic
  4841 | D        | Killed a nagaraja
  4841 | D        | Identified Sif Muna's Papyrus of Translocation and Darkness
                  | (Sif Muna gifted it to you in the Dungeon)
  4841 | D        | Received a gift from Sif Muna
  4847 | D        | Noticed a nagaraja
  4852 | D        | Killed a nagaraja
  4854 | D        | Noticed a nagaraja
  4860 | D        | Killed a nagaraja
  4860 | D        | Reached XP level 16. HP: 138/156 MP: 16/35
  4887 | D        | Got a serpentine rune of Zot
  4951 | D        | Noticed a tengu reaver
  4958 | D        | Killed a tengu reaver
  4958 | D        | Identified Sif Muna's Papyrus of Unholy Secrets and
                  | Transmutation (Sif Muna gifted it to you in the Dungeon)
  4958 | D        | Received a gift from Sif Muna
  5008 | D        | Noticed a tengu reaver
  5009 | D        | Noticed Sojobo
  5016 | D        | Killed a tengu reaver
  5024 | D        | Killed Sojobo
  5050 | D        | Identified Sif Muna's Reference Book on Mutagenic Evil (Sif
                  | Muna gifted it to you in the Dungeon)
  5050 | D        | Received a gift from Sif Muna
  5053 | D        | Reached skill level 10 in Fighting
  5123 | D        | Received a gift from Sif Muna
  5211 | D        | Identified Sif Muna's Compendium of Dislocated Companions
                  | (Sif Muna gifted it to you in the Dungeon)
  5211 | D        | Received a gift from Sif Muna
  5253 | D        | Reached skill level 10 in Unarmed Combat
  5253 | D        | Identified Sif Muna's Reference Book on Glacial Unholy
                  | Secrets (Sif Muna gifted it to you in the Dungeon)
  5253 | D        | Received a gift from Sif Muna
  5287 | D        | Noticed a shadow dragon
  5313 | D        | Killed a shadow dragon
  5331 | D        | Identified Inoryot's Grimoire of the Vitriolic Entourage
                  | (Sif Muna gifted it to you in the Dungeon)
  5331 | D        | Received a gift from Sif Muna
  5331 | D        | Reached skill level 10 in Shields
  5371 | D        | Noticed a shadow dragon
  5385 | D        | Killed a shadow dragon
  5435 | D        | Learned a level 6 spell: Statue Form
  5437 | D        | Noticed a shadow dragon
  5437 | D        | Noticed a shadow dragon
  5437 | D        | Noticed a golden dragon
  5437 | D        | Noticed a shadow dragon
  5438 | D        | Noticed a golden dragon
  5439 | D        | Killed a shadow dragon
  5439 | D        | Reached skill level 10 in Armour
  5444 | D        | Noticed an ancient lich
  5444 | D        | Received a gift from Sif Muna
  5447 | D        | Killed a shadow dragon
  5447 | D        | Noticed a shadow dragon
  5448 | D        | Killed a golden dragon
  5448 | D        | Reached XP level 17. HP: 161/166 MP: 28/37
  5451 | D        | Killed a golden dragon
  5451 | D        | Reached skill level 10 in Transmutations
  5454 | D        | Killed an ancient lich
  5461 | D        | Received a gift from Sif Muna
  5478 | D        | Identified the Guide on Displaced Weightlessness
  5480 | D        | Identified the Papyrus of Confrontation
  5485 | D        | Got a silver rune of Zot
  5518 | D        | Noticed Louise
  5524 | D        | Killed Louise
  5548 | D        | Noticed Boris
  5550 | D        | Killed Boris
  5554 | D        | Noticed Nikola
  5567 | D        | Killed Nikola
  5617 | D        | Got the ring "Plog" {rElec rN+ MR+ Str+4 Int-4}
  5632 | D        | Got the amulet "Fihiarhu" {Faith rN+ Str+3}
  5635 | D        | Got the amulet of Viqof {rPois rF- rC+++ Regen+ Dex+2}
  5646 | D        | Got the +5 double sword of Rubbish {vorpal, MR++ Dex-5}
  5649 | D        | Found the +27 Lear's hauberk
  5728 | D        | Learned a level 9 spell: Absolute Zero
  5784 | D        | Got the ring "Keruh" {Wiz rN+ Str+4 Dex-4 SInv}
  5927 | D        | Received a gift from Sif Muna
  6031 | D        | Received a gift from Sif Muna
  6094 | D        | Noticed a golden dragon
  6098 | D        | Received a gift from Sif Muna
  6104 | D        | Killed a golden dragon
  6151 | D        | Noticed a tentacled monstrosity
  6153 | D        | Noticed a golden dragon
  6154 | D        | Reached skill level 15 in Shields
  6156 | D        | Identified Sif Muna's Collected Works on Supportive Flames
                  | (Sif Muna gifted it to you in the Dungeon)
  6156 | D        | Received a gift from Sif Muna
  6158 | D        | Killed a tentacled monstrosity
  6161 | D        | Reached XP level 18. HP: 174/174 MP: 10/41
  6162 | D        | Killed a golden dragon
  6233 | D        | Noticed a tentacled monstrosity
  6238 | D        | Killed a tentacled monstrosity
  6246 | D        | Noticed a golden dragon
  6257 | D        | Killed a golden dragon
  6369 | D        | Noticed an Orb Guardian
  6369 | D        | Noticed an Orb Guardian
  6369 | D        | Noticed an Orb Guardian
  6369 | D        | Noticed an Orb Guardian
  6369 | D        | Noticed an Orb Guardian
  6369 | D        | Noticed an Orb Guardian
  6371 | D        | Noticed an Orb Guardian
  6372 | D        | Killed an Orb Guardian
  6373 | D        | Killed an Orb Guardian
  6373 | D        | Killed an Orb Guardian
  6373 | D        | Reached skill level 10 in Invocations
  6373 | D        | Killed an Orb Guardian
  6373 | D        | Killed an Orb Guardian
  6375 | D        | Killed an Orb Guardian
  6375 | D        | Reached skill level 15 in Earth Magic
  6376 | D        | Noticed an Orb Guardian
  6376 | D        | Killed an Orb Guardian
  6379 | D        | Killed an Orb Guardian
  6385 | D        | Noticed an Orb Guardian
  6388 | D        | Noticed an Orb Guardian
  6391 | D        | Killed an Orb Guardian
  6392 | D        | Killed an Orb Guardian
  6392 | D        | Reached skill level 15 in Unarmed Combat
  6408 | D        | Noticed a tentacled monstrosity
  6408 | D        | Noticed an Orb Guardian
  6408 | D        | Noticed an Orb Guardian
  6412 | D        | Reached skill level 10 in Necromancy
  6413 | D        | Killed an Orb Guardian
  6414 | D        | Noticed an Orb Guardian
  6414 | D        | Killed an Orb Guardian
  6416 | D        | Killed a tentacled monstrosity
  6417 | D        | Noticed an Orb Guardian
  6422 | D        | Killed an Orb Guardian
  6422 | D        | Killed an Orb Guardian
  6438 | D        | Noticed an ancient lich
  6439 | D        | Killed an ancient lich
  6439 | D        | Reached XP level 19. HP: 200/200 MP: 12/42
  6445 | D        | Noticed an orb of fire
  6446 | D        | Killed an orb of fire
  6446 | D        | Reached skill level 15 in Fighting
  6446 | D        | Reached skill level 15 in Necromancy
  6446 | D        | Noticed an electric golem
  6447 | D        | Killed an electric golem
  6447 | D        | Reached skill level 15 in Transmutations
  6458 | D        | Noticed an ancient lich
  6458 | D        | Noticed an electric golem
  6458 | D        | Noticed a Killer Klown
  6458 | D        | Noticed an electric golem
  6458 | D        | Noticed an orb of fire
  6460 | D        | Noticed an orb of fire
  6460 | D        | Killed an orb of fire
  6461 | D        | Killed an electric golem
  6462 | D        | Killed a Killer Klown
  6468 | D        | Killed an ancient lich
  6468 | D        | Noticed an electric golem
  6470 | D        | Gained mutation: Your body sometimes deteriorates upon
                  | taking damage. [an orb of fire]
  6532 | D        | Killed an electric golem
  6535 | D        | Killed an orb of fire
  6553 | D        | Killed an electric golem
  6561 | D        | Noticed an electric golem
  6570 | D        | Killed an electric golem
  6574 | D        | Noticed an electric golem
  6576 | D        | Killed an electric golem
  6582 | D        | Noticed a golden dragon
  6583 | D        | Killed a golden dragon
  6626 | D        | Reached XP level 20. HP: 215/215 MP: 18/45
  6671 | D        | Learned a level 4 spell: Passage of Golubria
  6720 | D        | Learned a level 8 spell: Necromutation
  6730 | D        | Noticed an ancient lich
  6738 | D        | Noticed an ancient lich
  6741 | D        | Killed an ancient lich
  6743 | D        | Killed an ancient lich
  6743 | D        | Reached skill level 27 in Ice Magic
  6821 | D        | Got an elven rune of Zot
  6838 | D        | Reached skill level 10 in Throwing
  6849 | D        | Noticed the Royal Jelly
  6850 | D        | Killed the Royal Jelly
  6875 | D        | Reached XP level 21. HP: 120/234 MP: 27/48
  6920 | D        | Got a slimy rune of Zot
  7024 | D        | Learned a level 9 spell: Shatter
  7086 | D        | Noticed a greater mummy
  7092 | D        | Killed a greater mummy
  7111 | D        | Noticed a greater mummy
  7111 | D        | Noticed a greater mummy
  7111 | D        | Noticed a greater mummy
  7114 | D        | Noticed a greater mummy
  7118 | D        | Killed a greater mummy
  7119 | D        | Killed a greater mummy
  7119 | D        | Killed a greater mummy
  7119 | D        | Killed a greater mummy
  7130 | D        | Got a golden rune of Zot
  7151 | D        | Got an abyssal rune of Zot
  7229 | D        | Noticed Geryon
  7230 | D        | Killed Geryon
  7241 | D        | Identified the +4 staff of Dispater
  7241 | D        | Noticed Dispater
  7241 | D        | Noticed Lom Lobon
  7242 | D        | Killed Lom Lobon
  7242 | D        | Noticed Gloorx Vloq
  7247 | D        | Noticed Ereshkigal
  7248 | D        | Killed Dispater
  7250 | D        | Killed Gloorx Vloq
  7250 | D        | Reached skill level 27 in Spellcasting
  7250 | D        | Reached skill level 27 in Earth Magic
  7250 | D        | Reached XP level 22. HP: 247/247 MP: 22/52
  7259 | D        | Noticed Antaeus
  7260 | D        | Killed Ereshkigal
  7266 | D        | Noticed Mnoleg
  7267 | D        | Killed Antaeus
  7275 | D        | Killed Mnoleg
  7284 | D        | Got a magical rune of Zot
  7288 | D        | Got a dark rune of Zot
  7291 | D        | Identified the +7 sceptre of Asmodeus
  7291 | D        | Noticed Asmodeus
  7292 | D        | Killed Asmodeus
  7292 | D        | Identified the +6 sword of Cerebov {flame}
  7292 | D        | Noticed Cerebov
  7298 | D        | Got an iron rune of Zot
  7314 | D        | Killed Cerebov
  7314 | D        | Reached skill level 27 in Fighting
  7328 | D        | Got a fiery rune of Zot
  7332 | D        | Learned a level 1 spell: Apportation
  7335 | D        | Got a glowing rune of Zot
  7335 | D        | Got an obsidian rune of Zot
  7339 | D        | Got a bone rune of Zot
  7339 | D        | Got an icy rune of Zot
  7626 | D        | Learned a level 5 spell: Irradiate
  7631 | D        | Learned a level 4 spell: Airstrike
  7633 | D        | Got the Orb of Zot
  7995 | D        | Noticed Vedud the pandemonium lord
  7998 | D        | Killed Vedud the pandemonium lord
  8348 | D        | Noticed Boris
  8351 | D        | Killed Boris
  8351 | D        | Reached skill level 15 in Armour
  8708 | D        | Noticed Wopnanor the pandemonium lord
  8713 | D        | Killed Wopnanor the pandemonium lord
  8796 | D        | Reached XP level 23. HP: 284/284 MP: 43/53
  9090 | D        | Escaped with the Orb!

Illustrated notes

Levels and vault maps discovered:
D:        linesprint [early_d, line_temple, items_1, d_10, items_2, lair_1,
          lair_end, items_3, orc_1, orc_end, items_4, d_15, swamp_1, shoals_1,
          snake_1, spider_1, d_20, vaults_1, items_5, swamp_end, shoals_end,
          snake_end, spider_end, vaults_end, d_27, items_6, zot_1, zot_end,
          crypt_end, forest_end, elf_end, slime_end, tomb_end, abyss_end,
          pan_hell_end]

Skill      XL: |  1  2  3  4  5  6  7  8  9 10 11 12 13 14 15 16 17 18 19 20 21 22 23 |
---------------+----------------------------------------------------------------------+-----
Fighting       | 2 3 4 5 6 8 9 10 14 16 19 20 27 | 27.0
Dodging        | 2 3 4 5 6 7 8 9 10 11 12 | 12.0
Ice Magic      | 4 5 6 7 9 10 11 12 13 15 17 19 20 24 25 26 27 | 27.0
Spellcasting   | 2 3 4 5 6 8 10 11 13 15 16 17 20 22 24 27 | 27.0
Charms         | 1 2 |  2.0
Evocations     | 1 2 3 4 5 |  5.0
Summonings     | 1 3 4 |  4.0
Necromancy     | 1 5 14 16 19 | 19.3
Invocations    | 1 3 5 7 10 | 10.0
Conjurations   | 1 3 5 7 9 10 11 12 | 12.0
Translocations | 1 2 4 6 |  6.0
Air Magic      | 1 3 4 6 |  6.0
Armour         | 4 6 7 10 15 | 15.0
Unarmed Combat | 1 5 7 11 12 15 | 15.0
Throwing       | 4 5 11 12 | 12.1
Earth Magic    | 4 7 10 12 15 17 27 | 27.0
Shields        | 3 7 10 15 22 23 | 23.6
Transmutations | 3 6 9 10 13 18 20 | 20.0
Stealth        | |  1.0

Action                   |  1- 3 |  4- 6 |  7- 9 | 10-12 | 13-15 | 16-18 | 19-21 | 22-24 || total
-------------------------+-------+-------+-------+-------+-------+-------+-------+-------++-------
Melee: Unarmed           |    44 |       |       |    17 |     5 |    64 |    42 |     1 ||   173
       Rapier            |       |     9 |    21 |     2 |       |       |       |       ||    32
       Scimitar          |       |       |     2 |     5 |    35 |       |       |       ||    42
       Halberd           |       |       |       |     1 |       |       |       |       ||     1
       Punch             |       |       |       |       |     3 |     1 |       |       ||     4
       Double sword      |       |       |       |       |       |       |     1 |       ||     1
 Fire: Shortbow          |       |       |       |    14 |     5 |       |       |       ||    19
Throw: Dart              |       |       |       |     3 |       |       |       |       ||     3
       Large rock        |       |       |       |       |    11 |    40 |    14 |     2 ||    67
       Javelin           |       |       |       |       |     6 |    41 |    24 |       ||    71
 Cast: Freeze            |     1 |       |     3 |     2 |       |       |       |       ||     6
       Frozen Ramparts   |     4 |     3 |     8 |    43 |    60 |    35 |     5 |     1 ||   159
       Summon Ice Beast  |       |       |     3 |    32 |    24 |     7 |     4 |       ||    70
       Hailstorm         |       |       |     1 |    35 |    42 |     1 |       |       ||    79
       Animate Skeleton  |       |       |     5 |    32 |    32 |    43 |       |       ||   112
       Stone Arrow       |       |       |       |     6 |       |       |       |       ||     6
       Ozocubu's Armour  |       |       |       |     3 |       |       |       |       ||     3
       Ice Form          |       |       |       |     2 |     2 |       |       |       ||     4
       Freezing Cloud    |       |       |       |       |    22 |    19 |     1 |       ||    42
       Ozocubu's Refrige |       |       |       |       |    26 |     3 |    45 |     1 ||    75
       Absolute Zero     |       |       |       |       |     4 |     2 |    23 |    36 ||    65
       Borgnjor's Vile C |       |       |       |       |     5 |    60 |    29 |     8 ||   102
       Mephitic Cloud    |       |       |       |       |       |     5 |       |       ||     5
       Statue Form       |       |       |       |       |       |    11 |     4 |       ||    15
       Blink             |       |       |       |       |       |     1 |    10 |   134 ||   145
       Passage of Golubr |       |       |       |       |       |       |    35 |    47 ||    82
       Necromutation     |       |       |       |       |       |       |     8 |    16 ||    24
       Shatter           |       |       |       |       |       |       |    11 |    15 ||    26
       Apportation       |       |       |       |       |       |       |       |     5 ||     5
Invok: Channel Magic     |       |       |       |    11 |    24 |    14 |    27 |    22 ||    98
       Forget Spell      |       |       |       |     1 |       |     1 |     1 |     1 ||     4
       Divine Exegesis   |       |       |       |       |     4 |     2 |       |       ||     6
 Abil: End Transformatio |       |       |       |     1 |       |     1 |     2 |       ||     4
Evoke: Wand              |       |       |       |       |     3 |       |       |       ||     3
  Use: Potion            |     2 |     1 |     1 |       |     2 |     2 |     1 |     1 ||    10
       Scroll            |       |       |     1 |     5 |     4 |     8 |     1 |     3 ||    22
 Stab: Invisible         |       |     2 |     1 |       |       |       |       |       ||     3
       Confused          |       |       |       |       |       |     2 |       |       ||     2
  Eat: Ration            |       |       |       |     3 |     2 |     2 |     1 |       ||     8
Armor: Robe              |     9 |     1 |    11 |     4 |     7 |       |       |       ||    32
       Troll leather arm |       |       |       |     9 |     2 |       |       |       ||    11
       Skin              |       |       |       |     3 |     3 |    77 |     7 |       ||    90
       Swamp dragon scal |       |       |       |       |    15 |     3 |    46 |     2 ||    66
Dodge: Dodged            |    10 |     7 |    15 |    36 |    69 |    74 |    37 |     2 ||   250
Block: Kite shield       |       |       |       |       |       |    60 |    61 |     4 ||   125
       Rpst.: Scimitar   |       |       |     1 |     1 |     9 |     1 |       |       ||    12

Table legend:
 A = Non-vault XP
 B = Vault XP
 C = Vault XP percentage of total XP
 D = Non-vault monster count
 E = Vault monster count
 F = Vault count percentage of total count
                 A         B        C        D         E       F
            +---------+---------+-------+---------+---------+-------
      Total |       0 |  789976 | 100.0 |       0 |     516 | 100.0
            +---------+---------+-------+---------+---------+-------
          D |       0 |  789976 | 100.0 |       0 |     516 | 100.0
            +---------+---------+-------+---------+---------+-------
